Map: 해비테이션 스테이션 - 래더 (공허의 유산)

Players

Forte

  • Race: Terran Terran
  • League: Master
  • Spawn Location: 1:00

Leenock - Winner!

  • Race: Zerg Zerg
  • League: Master
  • Spawn Location: 11:00

VOD

Have the link to the VOD?

Description

Time

  • Played on: Nov. 27, 2016, 7:44 a.m.
  • Length: 5:47
Show
View Real Time Build Order
Export as new Build Order

Forte Terran 

Build Orders: Reaper Expand 

Get SALT Encoding   

  12  0:00  SCV  
  13  0:13  SCV  
  14  0:17  Supply Depot  
  14  0:25  SCV  
  15  0:38  SCV  
  15  0:40  Barracks  
  16  0:44  Refinery  
  16  0:51  SCV  
  17  1:03  SCV  
  18  1:15  SCV  
  19  1:27  Orbital Command  
  19  1:28  Reaper  
  20  1:38  Command Center  
  20  1:50  Barracks  
  20  1:52  SCV  
  21  2:00  Barracks Reactor  
  21  2:02  Supply Depot  
  21  2:05  SCV  
  22  2:12  Refinery  
  22  2:17  SCV  
  22  2:22  Factory  
  23  2:29  SCV  
  24  2:37  Marine x2  
  24  2:41  SCV  
  24  2:42  Barracks Tech Lab  
  27  2:51  Orbital Command  
  27  2:53  SCV  
  28  3:00  Stimpack  
  28  3:04  Marine x3  
  31  3:08  SCV  
  32  3:15  Starport  
  32  3:17  SCV  
  33  3:21  Factory Reactor  
  33  3:25  Marine x3  
  36  3:30  Supply Depot, SCV  
  36  3:32  SCV  
  38  3:43  Supply Depot  
  38  3:45  Marine x3  
  36  3:53  Medivac  
  36  3:54  Bunker  
  33  3:58  Bunker, Orbital Command  
  32  4:03  Marine x3  
  32  4:06  Widow Mine  
  32  4:21  Marine  
  27  4:34  Marine x2  
  25  4:54  Supply Depot  
  25  4:58  SCV  
  25  5:12  SCV x2  
  26  5:15  Marine x2  
  26  5:16  Marine  
Show
View Real Time Build Order
Export as new Build Order

Leenock Zerg - Winner!

Build Orders: Hatch First, Zergling Baneling 

Get SALT Encoding   

  12  0:01  Drone  
  13  0:12  Overlord  
  13  0:17  Drone  
  14  0:31  Drone x2  
  14  0:35  Drone  
  17  0:51  Hatchery  
  17  0:54  Drone  
  17  0:56  Drone  
  18  1:03  Extractor  
  17  1:12  Spawning Pool  
  17  1:15  Drone  
  17  1:18  Drone  
  18  1:30  Drone  
  19  1:38  Overlord  
  19  1:58  Zergling x2  
  19  1:59  Queen  
  19  2:00  Zergling x2  
  23  2:03  Zergling x2, Queen  
  23  2:05  Metabolic Boost  
  26  2:11  Drone  
  26  2:14  Drone  
  28  2:22  Drone  
  29  2:26  Drone  
  30  2:34  Drone  
  31  2:43  Overlord  
  33  2:45  Drone  
  32  2:52  Drone  
  32  2:54  Drone  
  32  2:57  Zergling x2  
  35  3:01  Baneling Nest  
  34  3:06  Zergling x6  
  34  3:07  Zergling x2  
  34  3:11  Zergling x2  
  34  3:12  Zergling x6  
  42  3:18  Zergling x2  
  43  3:22  Zergling x2  
  44  3:33  Overlord  
  43  3:47  Zergling x2  
  43  3:49  Baneling  
  43  3:50  Baneling x7  
  43  3:51  Zergling x4, Overlord  
  43  3:52  Zergling x8  
  48  3:59  Baneling x2  
  48  4:01  Zergling x2  
  49  4:05  Zergling x4  
  46  4:17  Zergling x4  
  44  4:26  Zergling x2  
  44  4:27  Zergling x10  
  44  4:29  Zergling x2  
  47  4:42  Zergling x4  
  45  4:48  Queen  
  45  4:52  Zergling x4  
  49  4:59  Hatchery  
  48  5:00  Baneling x3  
  48  5:01  Baneling x4  
  48  5:03  Zergling x2  
  46  5:10  Zergling x2  
  46  5:13  Zergling x2  
  46  5:14  Zergling x2  
  49  5:24  Zergling x2  
  49  5:25  Zergling x10  
Tags
 
Add a new tag
Caveats
  • Supply blocks, unpowered buildings, or Contaminate may cause inaccurate times.
  • Supply counts are checked every 10 seconds.